cohdb
Replays
Latest Replays
All Replays
Popular Replays
Top Player Replays
Match Explorer
How It Works
Community
CoH3 Stats
Reddit
Sign in to upload your games and track your stats! →
Sign in with Steam
Match 42767145
Unlisted
Match 42767145
Overview
Messages
Build Orders
End
Selects Special Operations Battlegroup
Selects M29 Weasel Recon Vehicle
M29 Weasel Recon Vehicle
Construct Barracks
Riflemen Squad
M1 Mortar Team
Riflemen Squad
Selects Raiding Flares
Riflemen Squad
Infantry Support Center
Engineer Squad
Grenade Package
Construct Weapon Support Center
Construct Motor Pool
Forward Retreat Point
Raiding Flares
M24 Chaffee Light Tank
Selects P-47 Anti-Infantry Loiter
M1918 Browning Automatic Rifles
Raiding Flares
P-47 Anti-Infantry Loiter
M24 Chaffee Light Tank
Construct Medical Station
M1 Anti-tank Gun Team
P-47 Anti-Infantry Loiter
Selects M4A1 Sherman Whizbang
M4A1 Sherman Whizbang
M24 Chaffee Light Tank
Raiding Flares
M24 Chaffee Light Tank
Dahlian
Random_Target
Bish Bash Bosh
Bass
[CN&AU] Tony Hu
Temsy36
Mother Teresa
radiation
0
0
Comments
sign in to comment!
No comments posted yet!